Map: Romanticide LE

Players

DisK

  • Race: Protoss Protoss
  • Spawn Location: 11:00

Future - Winner!

  • Race: Terran Terran
  • Spawn Location: 5:00

Event: DreamHack SC2 Masters 2020 Winter

VOD

Have the link to the VOD?

Description

Time

  • Played on: Oct. 28, 2020, 4:28 p.m.
  • Length: 10:51

All games in this series

Show
View Real Time Build Order
Export as new Build Order

DisK Protoss 

Build Orders: 1 Gate Expand, Blink Stalkers 

Get SALT Encoding   

  12  0:00  Probe  
  13  0:12  Probe  
  14  0:17  Pylon  
  14  0:24  Probe  
  15  0:35  Gateway  
  15  0:37  Probe (Chrono Boost)  
  16  0:46  Probe (Chrono Boost)  
  16  0:47  Assimilator  
  17  0:51  Probe (Chrono Boost)  
  18  1:03  Probe  
  19  1:15  Probe  
  20  1:22  Cybernetics Core  
  20  1:32  Nexus  
  20  1:37  Pylon  
  20  1:41  Probe  
  20  1:46  Assimilator  
  21  1:54  Probe  
  22  1:55  Adept (Chrono Boost)  
  22  1:59  Warp Gate  
  24  2:06  Probe  
  25  2:16  Stalker (Chrono Boost)  
  25  2:18  Probe  
  28  2:30  Probe  
  28  2:32  Twilight Council  
  30  2:45  Probe (Chrono Boost)  
  30  2:46  Probe (Chrono Boost)  
  30  2:50  Gateway  
  31  2:52  Stalker  
  31  2:55  Probe (Chrono Boost)  
  31  2:57  Probe (Chrono Boost)  
  35  3:03  Probe  
  36  3:09  Gateway  
  36  3:14  Probe  
  36  3:15  Probe, Blink (Chrono Boost)  
  38  3:26  Gateway  
  38  3:32  Probe  
  38  3:33  Probe  
  40  3:41  Pylon  
  40  3:44  Probe  
  40  3:46  Stalker x2  
  45  3:49  Gateway  
  45  3:53  Probe  
  46  4:05  Probe x2  
  46  4:07  Stalker  
  50  4:10  Pylon  
  50  4:17  Probe  
  50  4:20  Nexus  
  51  4:24  Pylon  
  51  4:25  Probe  
  51  4:30  Robotics Facility  
  52  4:32  Sentry  
  52  4:36  Probe  
  52  4:37  Probe  
  56  4:38  Assimilator  
  51  4:53  Probe x2 (Chrono Boost)  
  53  5:00  Assimilator  
  53  5:05  Probe (Chrono Boost)  
  54  5:08  Stalker x2  
  58  5:18  Probe x2  
  58  5:20  Observer  
  61  5:26  Robotics Bay  
  61  5:30  Probe x2  
  61  5:33  Probe  
  64  5:36  Pylon  
  64  5:39  Charge, Gateway  
  64  5:42  Probe x2  
  70  5:50  Immortal (Chrono Boost)  
  70  5:52  Probe (Chrono Boost)  
  70  5:54  Probe (Chrono Boost)  
  70  5:57  Probe (Chrono Boost)  
  73  6:03  Probe (Chrono Boost)  
  75  6:04  Probe (Chrono Boost)  
  75  6:05  Probe (Chrono Boost)  
  75  6:08  Probe (Chrono Boost)  
  75  6:10  Zealot  
  79  6:11  Forge  
  79  6:14  Pylon  
  79  6:16  Probe  
  79  6:17  Probe  
  81  6:19  Probe  
  82  6:25  Colossus (Chrono Boost)  
  82  6:30  Probe  
  82  6:31  Probe  
  82  6:32  Pylon  
  90  6:33  Sentry x3  
  90  6:36  Probe  
  97  6:42  Extended Thermal Lance  
  97  6:44  Pylon  
  97  6:50  Zealot  
  99  6:56  Gateway  
  99  6:57  Probe x3, Assimilator, Gateway  
  99  6:58  Assimilator  
  102  7:05  Protoss Ground Weapons Level 1 (Chrono Boost)  
  102  7:09  Probe  
  102  7:10  Pylon  
  102  7:11  Stalker x2  
  102  7:12  Stalker  
  109  7:21  Probe  
  110  7:28  Colossus (Chrono Boost)  
  110  7:29  Gateway  
  116  7:30  Gateway  
  116  7:31  Pylon  
  116  7:33  Probe  
  116  7:34  Zealot  
  116  7:36  Zealot  
  121  7:39  Pylon  
  121  7:43  Zealot x2  
  125  7:49  Templar Archives  
  126  7:52  Shield Battery  
  126  7:54  Zealot  
  126  7:58  Zealot  
  132  8:00  Zealot x2  
  133  8:07  Zealot x2  
  133  8:10  Shield Battery  
  137  8:15  Zealot  
  139  8:22  Zealot  
  141  8:34  Pylon  
  141  8:35  Pylon  
  141  8:37  Pylon  
  141  8:47  Nexus  
  127  8:50  High Templar x4  
  127  8:51  Stalker x2  
  127  8:52  Zealot  
  127  8:53  Zealot  
  127  8:55  Archon x2  
  129  9:04  Gateway  
  129  9:06  Gateway  
  129  9:11  Robotics Facility  
  129  9:16  Zealot x3  
  133  9:17  Probe x2  
  136  9:25  Zealot x2  
  136  9:26  Zealot  
  136  9:42  Pylon  
  136  9:43  Pylon x2  
  136  9:45  Pylon x2  
  136  9:56  Disruptor (Chrono Boost)  
  139  10:01  Zealot x4  
  139  10:05  Probe x2  
  143  10:19  Zealot  
  143  10:20  Zealot  
  119  10:25  Zealot x2  
  119  10:26  Zealot  
  120  10:30  Zealot  
  112  10:46  Zealot x5  
Show
View Real Time Build Order
Export as new Build Order

Future Terran - Winner!

Build Orders: Liberator Opening 

Get SALT Encoding   

  12  0:00  SCV  
  13  0:12  SCV  
  14  0:16  Supply Depot  
  14  0:25  SCV  
  15  0:39  Barracks  
  15  0:40  SCV  
  16  0:43  Refinery  
  16  0:52  SCV  
  17  1:04  SCV  
  18  1:16  SCV  
  19  1:26  Marine  
  19  1:28  Orbital Command  
  20  1:41  Command Center  
  20  1:51  Factory  
  20  1:55  SCV  
  21  2:02  Barracks Reactor  
  21  2:08  SCV  
  22  2:12  Supply Depot  
  22  2:14  Refinery  
  22  2:20  SCV  
  23  2:34  SCV  
  24  2:39  Starport  
  24  2:43  Hellion x2  
  28  2:46  SCV  
  28  2:47  Marine  
  30  2:54  Orbital Command  
  30  2:59  SCV  
  31  3:08  Hellion  
  31  3:10  Hellion  
  35  3:16  Medivac  
  35  3:18  Barracks Tech Lab  
  35  3:19  SCV  
  38  3:20  SCV  
  39  3:27  Supply Depot  
  39  3:35  SCV x2  
  41  3:41  Supply Depot  
  41  3:42  Marine  
  41  3:43  Marine  
  41  3:45  Siege Tank  
  46  3:49  SCV x2  
  46  3:53  Supply Depot  
  48  4:01  SCV x2  
  48  4:03  Marine x2  
  48  4:07  Liberator  
  53  4:13  SCV x2  
  55  4:18  Siege Tank  
  55  4:21  Bunker, Marine  
  55  4:22  Marine  
  60  4:25  SCV x2  
  62  4:37  SCV x2, Supply Depot  
  64  4:39  Marine  
  64  4:40  Marine  
  64  4:49  SCV  
  64  4:50  SCV, Siege Tank  
  69  4:59  Command Center  
  69  5:02  SCV x2  
  69  5:04  Marine  
  69  5:05  Marine  
  73  5:10  Supply Depot  
  73  5:14  SCV x2  
  75  5:15  Barracks  
  75  5:17  Refinery, Barracks  
  75  5:21  Refinery  
  75  5:28  SCV x2  
  77  5:33  Supply Depot, Factory Tech Lab  
  77  5:37  Engineering Bay  
  77  5:38  Engineering Bay  
  77  5:40  SCV x2  
  79  5:47  Stimpack, Marine  
  80  5:52  SCV x2  
  80  5:57  Starport Reactor  
  82  5:58  Barracks  
  82  6:00  Barracks  
  83  6:04  SCV x2  
  83  6:05  Factory Tech Lab  
  83  6:08  Terran Infantry Weapons Level 1, Terran Infantry Armor Level 1  
  84  6:17  SCV x2  
  86  6:22  Marauder x2  
  86  6:23  Marine x2  
  92  6:29  SCV  
  92  6:30  SCV  
  92  6:32  Combat Shield, Siege Tank  
  97  6:36  Medivac  
  97  6:38  Medivac  
  101  6:41  SCV, Marine x2  
  101  6:42  SCV  
  101  6:43  Supply Depot, Marauder x2  
  101  6:45  Supply Depot  
  101  6:46  Barracks Reactor  
  109  6:48  Orbital Command  
  109  6:51  Missile Turret  
  109  6:56  Supply Depot  
  109  6:59  Supply Depot  
  109  7:00  Bunker  
  109  7:02  Barracks Tech Lab  
  111  7:08  Medivac x2  
  111  7:12  Marauder x2, Marine x2  
  119  7:19  Siege Tank  
  119  7:21  Supply Depot  
  119  7:22  Supply Depot  
  122  7:23  Marauder  
  122  7:24  Marine x2  
  122  7:29  Marine  
  127  7:30  SCV x2, Marine  
  127  7:32  Supply Depot  
  127  7:35  Missile Turret  
  127  7:36  Marauder  
  127  7:37  Marauder  
  134  7:43  Marine x2  
  136  7:44  Supply Depot, Marauder  
  136  7:47  Marine x2  
  140  7:58  Marauder x2  
  144  7:59  Siege Tank  
  144  8:01  Marine x2  
  144  8:02  Viking x2  
  144  8:05  Marine  
  153  8:06  Marauder  
  153  8:10  Supply Depot  
  153  8:12  Supply Depot x2  
  156  8:19  Marauder x2  
  160  8:20  Marine x3  
  160  8:25  Armory, Refinery  
  160  8:26  Refinery  
  165  8:27  Marauder  
  165  8:32  Siege Tank  
  168  8:43  Viking x2  
  168  8:46  Marauder  
  174  8:49  Marine  
  174  8:50  Marine x4  
  174  8:55  Marauder  
  181  8:59  Command Center  
  178  9:07  Marine x3  
  178  9:08  Marine  
  178  9:09  Siege Tank  
  181  9:11  Barracks x2  
  181  9:12  Barracks  
  181  9:13  Viking  
  181  9:16  Ghost Academy  
  177  9:20  Viking  
  179  9:31  Marauder  
  179  9:32  Marauder x2  
  181  9:39  SCV x3  
  184  9:51  SCV x3  
  181  9:59  Marauder  
  182  10:06  Marauder x2, Marine x2  
  185  10:18  Marine  
  185  10:20  Marauder  
  165  10:27  Marauder x2  
  176  10:32  SCV, Refinery  
  176  10:33  SCV x2  
  176  10:35  Refinery  
  179  10:42  Barracks Tech Lab x3  
Tags
 
Add a new tag
Caveats
  • Supply blocks, unpowered buildings, or Contaminate may cause inaccurate times.
  • Supply counts are checked every 10 seconds.